Map: Echo LE (Void)

Players

Flyboy

  • Race: Protoss Protoss
  • League: Diamond
  • Spawn Location: 11:00

Musumeci - Winner!

  • Race: Zerg Zerg
  • League: Diamond
  • Spawn Location: 5:00

VOD

Have the link to the VOD?

Description

Time

  • Played on: Dec. 22, 2016, 12:04 p.m.
  • Length: 8:23
Show
View Real Time Build Order
Export as new Build Order

Flyboy Protoss 

Build Orders: 1 Gate Expand 

Get SALT Encoding   

  12  0:01  Probe (Chrono Boost)  
  13  0:12  Probe (Chrono Boost)  
  14  0:19  Pylon  
  14  0:23  Probe (Chrono Boost)  
  15  0:38  Probe (Chrono Boost)  
  15  0:39  Gateway  
  16  0:48  Probe (Chrono Boost)  
  17  0:50  Assimilator  
  17  0:59  Probe (Chrono Boost)  
  18  1:09  Probe (Chrono Boost)  
  19  1:21  Probe (Chrono Boost)  
  19  1:23  Assimilator  
  19  1:37  Nexus  
  19  1:44  Cybernetics Core  
  19  1:49  Probe (Chrono Boost)  
  20  1:59  Probe (Chrono Boost)  
  21  2:04  Pylon  
  21  2:11  Probe (Chrono Boost)  
  21  2:14  Warp Gate  
  22  2:24  Forge  
  22  2:32  Twilight Council  
  22  2:39  Pylon  
  23  2:45  Probe (Chrono Boost)  
  23  2:47  Adept  
  25  2:56  Mothership Core (Chrono Boost)  
  27  2:58  Protoss Ground Weapons Level 1  
  27  3:09  Resonating Glaives  
  27  3:11  Pylon  
  27  3:16  Probe (Chrono Boost)  
  27  3:17  Probe (Chrono Boost)  
  29  3:32  Sentry  
  29  3:35  Gateway  
  31  3:43  Gateway  
  31  3:56  Sentry  
  31  4:02  Pylon, Probe (Chrono Boost)  
  35  4:04  Probe (Chrono Boost)  
  35  4:09  Gateway  
  35  4:14  Probe (Chrono Boost)  
  37  4:17  Probe (Chrono Boost)  
  37  4:26  Assimilator, Probe (Chrono Boost)  
  37  4:29  Probe (Chrono Boost)  
  39  4:37  Adept  
  39  4:38  Adept x2  
  45  4:48  Assimilator  
  45  4:51  Pylon  
  45  5:02  Adept x3  
  51  5:12  Pylon  
  51  5:18  Adept  
  51  5:22  Protoss Ground Weapons Level 2  
  51  5:23  Probe x2 (Chrono Boost)  
  53  5:31  Adept x3  
  59  5:47  Probe (Chrono Boost)  
  59  5:48  Probe (Chrono Boost)  
  57  6:09  Adept x2  
  57  6:10  Adept x2  
  61  6:20  Probe x2 (Chrono Boost)  
  48  6:47  Sentry  
  48  6:50  Adept x3, Probe x2 (Chrono Boost)  
  55  7:02  Probe (Chrono Boost)  
  53  7:09  Pylon  
  53  7:11  Stalker x4  
  48  7:29  Probe x2 (Chrono Boost)  
  44  7:36  Adept x3  
  41  7:46  Probe x2 (Chrono Boost)  
  34  8:02  Stalker x3  
  33  8:08  Probe x2 (Chrono Boost)  
Show
View Real Time Build Order
Export as new Build Order

Musumeci Zerg - Winner!

Build Orders: Hatch First 

Get SALT Encoding   

  12  0:01  Drone  
  13  0:08  Drone  
  13  0:13  Extractor  
  13  0:15  Drone  
  15  0:40  Hatchery  
  14  0:45  Extractor  
  14  0:46  Drone  
  15  1:01  Spawning Pool  
  14  1:05  Extractor  
  14  1:07  Drone  
  14  1:11  Extractor  
  14  1:15  Drone  
  14  1:23  Overlord  
  15  1:37  Extractor  
  15  1:44  Drone x3  
  18  1:53  Queen  
  20  1:55  Drone  
  20  1:58  Drone  
  22  2:09  Queen  
  22  2:13  Drone  
  25  2:20  Metabolic Boost  
  25  2:31  Drone x3  
  25  2:35  Overlord  
  28  2:54  Zergling x8  
  28  2:57  Drone  
  33  3:13  Drone x3  
  33  3:14  Hatchery  
  33  3:15  Drone  
  33  3:18  Overlord  
  36  3:36  Overlord  
  36  3:39  Zergling x2  
  36  3:40  Zergling x2  
  36  3:41  Drone x5  
  42  3:57  Lair  
  42  4:00  Extractor, Roach Warren  
  42  4:01  Drone  
  42  4:02  Drone x3, Extractor  
  44  4:03  Extractor  
  44  4:05  Drone x2  
  45  4:10  Drone x2  
  45  4:14  Drone x2  
  45  4:15  Drone  
  49  4:22  Drone  
  49  4:23  Drone  
  51  4:33  Queen  
  53  4:39  Drone x4  
  57  4:56  Overseer  
  57  4:59  Glial Reconstitution  
  57  5:04  Overlord x3  
  57  5:05  Overlord x2  
  57  5:10  Evolution Chamber  
  57  5:12  Drone  
  56  5:23  Roach  
  56  5:24  Roach x4  
  56  5:25  Roach x2  
  70  5:32  Roach x5  
  80  5:40  Roach x3  
  80  5:42  Overlord  
  84  5:46  Ravager  
  83  5:51  Roach  
  83  5:52  Roach x2  
  85  5:58  Roach x2  
  86  6:07  Zergling x12  
  92  6:19  Drone x7  
  92  6:33  Drone x3  
  92  6:36  Zergling x2  
  92  6:37  Zergling x2  
  92  6:38  Zergling x4  
  86  6:58  Ravager  
  86  6:59  Ravager x2  
  86  7:00  Ravager  
  90  7:03  Ravager  
  90  7:04  Ravager x2  
  90  7:05  Ravager x2  
  92  7:11  Roach x6  
  92  7:12  Roach x3  
  91  7:32  Zergling x6  
  91  7:36  Roach x3  
  96  7:37  Queen  
Tags
 
Add a new tag
Caveats
  • Supply blocks, unpowered buildings, or Contaminate may cause inaccurate times.
  • Supply counts are checked every 10 seconds.